 Dungeon Crawl Stone Soup version 0.30-a0-691-g754fce4c43 (webtiles) character file.

Game seed: 2394922958824986892

50299 voltaire321 the Unseen (level 14, -4/82 HPs)
             Began as a Kobold Brigand on Jan 19, 2023.
             Was the Champion of Hepliaklqana.
             Slain by a white ugly thing (31 damage)
             ... on level 13 of the Dungeon.
             The game lasted 01:07:10 (20102 turns).

voltaire321 the Unseen (Kobold Brigand)            Turns: 20102, Time: 01:07:11

Health: -4/82      AC: 29    Str: 13    XL:     14   Next: 96%
Magic:  21/21      EV: 23    Int: 15    God:    Hepliaklqana [******]
Gold:   1645       SH:  0    Dex: 29    Spells: 20/23 levels left

rFire   . . .      SeeInvis .    w - +3 dagger (elec)
rCold   . . .      Faith    .    (no shield)
rNeg    . . .      Spirit   .    P - +6 scale mail of Indomitability {Dex+3 Stlth+}
rPois   +          Reflect  .    D - +2 hat {Will+}
rElec   .          Harm     .    c - +2 cloak
rCorr   .          Rampage  .    H - +0 pair of gloves "Rokhiezu" {*Slow Str+5 Dex+7}
Will    +++..                    R - +0 pair of boots of Limited Liability {Contam rPois Will+}
Stlth   ++++++++                 F - amulet of regeneration
HPRegen 1.13/turn                K - +4 ring of protection
MPRegen 0.17/turn                m - +4 ring of protection

@: no status effects
A: reduced essence, small, no large weapons, nightstalker 3
a: Renounce Religion, Recall Ancestor, Ancestor Identity, Transference, Idealise


You were on level 13 of the Dungeon.
You worshipped Hepliaklqana.
Hepliaklqana was exalted by your worship.
You visited 4 branches of the dungeon, and saw 22 of its levels.
You also visited: Ossuary and Bailey.

You collected 2470 gold pieces.
You spent 825 gold pieces at shops.

Inventory:

Hand Weapons
 a - a +2 dagger
 p - a +2 dagger of venom
 w - a +3 dagger of electrocution (weapon)
 Q - a +0 rapier
Missiles
 d - 29 poisoned darts
 e - 3 curare-tipped darts (quivered)
 T - 4 throwing nets
Armour
 c - a +2 cloak (worn)
 j - a +3 leather armour of fire resistance
 D - a +2 hat of willpower (worn)
 H - the +0 pair of gloves "Rokhiezu" (worn) {*Slow Str+5 Dex+7}
   (You bought it in a shop on level 9 of the Dungeon)

   Str:       It affects your strength (+5).
   Dex:       It affects your dexterity (+7).
   *Slow:     It may slow you when you take damage.
 N - the +1 leather armour of Pessimism {rC+ Regen+ Dex-5 Stlth+}
   (You found it on level 4 of the Lair of Beasts)

   Dex:       It affects your dexterity (-5).
   rC:        It protects you from cold.
   Regen:     It increases your rate of health regeneration.
   Stlth:     It makes you more stealthy.
 O - +0 acid dragon scales
 P - the +6 scale mail of Indomitability (worn) {Dex+3 Stlth+}
   (You found it in a bailey)

   Dex:       It affects your dexterity (+3).
   Stlth:     It makes you more stealthy.
 R - the +0 pair of boots of Limited Liability (worn) {Contam rPois Will+}
   (You bought it in a shop on level 9 of the Dungeon)

   rPois:     It protects you from poison.
   Contam:    It causes magical contamination when unequipped.
   Will:      It increases your willpower.
Jewellery
 f - a ring of poison resistance
 m - a +4 ring of protection (right hand)
 x - a ring of flight
 B - a ring of see invisible
 F - an amulet of regeneration (around neck)
 K - a +4 ring of protection (left hand)
 S - a ring of fire
 U - a +4 ring of protection
Wands
 b - a wand of flame (36)
 v - a wand of iceblast (39)
 I - a wand of charming (13)
Scrolls
 g - 2 scrolls of poison
 h - a scroll of enchant armour
 k - 9 scrolls of identify
 l - 2 scrolls of immolation
 o - 2 scrolls of blinking
 q - 13 scrolls of teleportation
 s - 3 scrolls of magic mapping
 y - 3 scrolls of amnesia
 C - a scroll of fog
 V - a scroll of fear {unknown}
Potions
 i - 11 potions of curing
 n - 9 potions of heal wounds
 r - 3 potions of invisibility
 t - 6 potions of mutation
 u - 4 potions of flight
 z - 6 potions of haste
 A - 3 potions of might
 E - 3 potions of lignification
 G - 4 potions of resistance
 J - a potion of ambrosia
 L - 2 potions of brilliance
 M - 3 potions of cancellation


   Skills:
 + Level 12.0 Fighting
 - Level 10.0 Short Blades
 - Level 6.0 Throwing
 - Level 5.0 Armour
 + Level 12.8 Dodging
 + Level 15.7 Stealth
 - Level 5.0 Spellcasting
 + Level 8.8 Hexes
 - Level 10.0 Invocations


You had 20 spell levels left.
You knew the following spells:

 Your Spells              Type           Power      Damage    Failure   Level
a - Tukima's Dance        Hex            30%        N/A       5%          3

Your spell library contained the following spells:

 Spells                   Type           Power      Damage    Failure   Level
 Dazzling Flash           Conj/Hex       34%        N/A       32%         3
 Portal Projectile        Hex/Tloc       34%        N/A       32%         3
 Magic Dart               Conj           12%        1d3       56%         1
 Searing Ray              Conj           6%         2d4       71%         2
 Fulminant Prism          Conj/Hex       8%         3d6       73%         4
 Yara's Violent Unravell  Hex/Tmut       8%         3d5       97%         5
 Iskenderun's Mystic Bla  Conj/Tloc      3%         2d3       100%        4
 Blade Hands              Tmut           1%         N/A       100%        5
 Starburst                Conj/Fire      1%         6d3       100%        6
 Enfeeble                 Hex            15%        N/A       100%        7
 Chain Lightning          Conj/Air       1%         3d2       100%        9
 Fire Storm               Conj/Fire      1%         8d1       100%        9
 Shatter                  Erth           1%         3d6*      100%        9


Dungeon Overview and Level Annotations

Branches:
Dungeon (14/15)            Temple (1/1) D:5            Lair (5/5) D:9
 Shoals (0/4) Lair:2        Snake (0/4) Lair:3        Slime (0/5) Lair:5
    Orc (2/2) D:10        Ossuary (visited)          Bailey (visited)
    Elf: Orc:2       Vaults: D:13-14

Altars:
Ashenzari
Cheibriados
Dithmenos
Elyvilon
Fedhas
Gozag
Hepliaklqana
Kikubaaqudgha
Makhleb
Nemelex Xobeh
Okawaru
Qazlal
Ru
Sif Muna
Trog
Uskayaw
Vehumet
Wu Jian
Xom
Yredelemnul
Zin
The Shining One

Shops:
D:8 *?:   D:9 [

Portals:
Trove: D:10 (give 14 scrolls of teleportation)

Annotations:
D:13 3 runed translucent doors, exclusion: obsidian statue, Dodiz's ghost, journeyman BaFi
Orc:2 Zvl3's ghost, journeyman DsGl


Innate Abilities, Weirdness & Mutations

Your life essence is reduced to manifest your ancestor. (-10% HP)
You are small and have problems with some larger weapons.
You are completely attuned to the shadows.


Message History

Huemac hits the white ugly thing with a +0 dagger of draining.
Huemac drains the white ugly thing.
The white ugly thing misses you. The white ugly thing stings you.
The white ugly thing freezes you!!
You hit the white ugly thing.
The white ugly thing is severely wounded.
Huemac hits the white ugly thing with a +0 dagger of draining!
Huemac drains the white ugly thing.
You hit the white ugly thing.
The white ugly thing is almost dead.
The white ugly thing closely misses you.
Huemac gestures at the white ugly thing while chanting.
The white ugly thing appears confused.
The white ugly thing headbutts you. The white ugly thing freezes you!!
You hit the white ugly thing but do no damage.
The white ugly thing is almost dead.
The white ugly thing tail-slaps Huemac!
The white ugly thing freezes Huemac!
Huemac resists.
Huemac hits the white ugly thing with a +0 dagger of draining.
Huemac drains the white ugly thing.
Huemac closely misses the white ugly thing.
The white ugly thing attacks as you move away!
The white ugly thing misses you.
Huemac hits the white ugly thing with a +0 dagger of draining!
Huemac drains the white ugly thing.
Huemac barely misses the white ugly thing.
The white ugly thing headbutts you but does no damage.
There is a stone staircase leading up here.
Huemac casts a spell at the white ugly thing.
The white ugly thing resists with some effort.
The white ugly thing barely misses you. x2
You climb upwards.
Level annotation: 3 runed translucent doors, exclusion: obsidian statue, Dodiz's ghost, journeyman BaFi
There is a stone staircase leading down here.
The white ugly thing closely misses you.
The white ugly thing headbutts you but does no damage.
The white ugly thing attacks as you move away!
The white ugly thing completely misses you.
The white ugly thing attacks as you move away!
The white ugly thing headbutts you! The white ugly thing freezes you!!
You die...

###### .....# .....#
.....#
.....###############
...................######
........................#
........................#
...............u@.......#
.............>.u..#####.#
..................# #.#
..########'''###..# #.#
..#............#..# #.#
..#............#..# #.#
..#####...>....#..# #.#
......#........#..# #.#
......#.......##### #.#


You could see 2 ugly things.

Vanquished Creatures
  Gastronok (Lair:3)
  Harold (D:10)
  2 catoblepae (Lair:5)
  A boulder beetle (D:11)
  A centaur warrior (D:13)
  4 two-headed ogres
  7 death yaks
  A deep elf zephyrmancer (Bailey)
  3 orc knights
  2 orc sorcerers (Orc:1)
  5 cyclopes
  2 ugly things (D:13)
  2 manticores (Lair:5)
  3 black mambas
  4 gargoyles
  4 cane toads
  4 slime creatures (D:12)
  6 komodo dragons
  A tengu conjurer (D:13)
  2 trolls (D:12)
  Prince Ribbit (D:6)
  A wind drake (Lair:2)
  3 hornets
  A polar bear (Lair:5)
  7 blink frogs
  3 shadows
  2 vampires
  5 wyverns
  A wraith (D:7)
  39 yaks
  2 basilisks
  A steam dragon (D:7)
  9 vampire mosquitoes
  Edmund (D:6)
  Menkaure (D:7)
  2 nagas (Lair:3)
  Duvessa (D:6)
  2 acid dragons
  9 water moccasins
  15 orc warriors
  6 black bears
  10 wolves
  3 ogres
  5 centaurs
  2 phantoms (D:4)
  2 kobold brigands
  7 bullfrogs
  2 necrophages
  A gnoll sergeant (D:9)
  2 scorpions
  2 wights (D:9)
  A hexer (Lair:5)
  Dowan (D:6)
  10 killer bees
  4 howler monkeys
  3 jellies
  3 hounds
  6 orc priests
  Natasha (thrice) (D:2)
  3 iguanas
  Ijyb (D:3)
  10 orc wizards
  A mummy (Ossuary)
  Robin (D:2)
  3 gnolls (D:9)
  3 adders
  2 shadow imps
  3 white imps
  2 ufetubi
  2 dart slugs
  49 orcs
  A spectral bat (Ossuary)
  13 endoplasms
  5 giant cockroaches
  12 gnoll zombies (Ossuary)
  14 goblins
  10 hobgoblins
  8 jackals
  2 quokkas
  6 ball pythons
  6 bats
  6 bat simulacra (Ossuary)
  4 frilled lizards
  3 goblin simulacra (Ossuary)
  5 goblin zombies (Ossuary)
  4 hobgoblin zombies (Ossuary)
  9 kobolds
  2 kobold simulacra (Ossuary)
  2 kobold zombies (Ossuary)
  6 orc zombies (Ossuary)
  3 rats
  A rat simulacrum (Ossuary)
  2 spectral goblins (Ossuary)
  A spectral rat (Ossuary)
440 creatures vanquished.

Vanquished Creatures (collateral kills)
  A catoblepas (Lair:5)
  A death yak (Lair:5)
  A deep elf pyromancer (D:12)
  An orc sorcerer (Orc:1)
  2 manticores
  Joseph (D:7)
  A black mamba (Lair:5)
  A gargoyle (D:11)
  A rime drake (Lair:2)
  A komodo dragon (Lair:3)
  A troll (D:12)
  Grinder (D:6)
  A hornet (Lair:2)
  5 blink frogs
  8 yaks
  2 nagas (Lair:3)
  A water moccasin (Lair:1)
  6 orc warriors
  An ice beast (D:6)
  A wolf (Lair:2)
  2 ogres
  A bullfrog (Lair:1)
  A scorpion (D:6)
  A wight (D:9)
  2 killer bees
  A jelly (Lair:5)
  2 orc priests (D:10)
  An iron imp (D:10)
  An iguana (D:6)
  5 orc wizards
  13 orcs
  2 goblins (D:9)
  A goblin zombie (Ossuary)
  5 kobolds
  2 spectral goblins (Ossuary)
  A butterfly (Lair:4)
79 creatures vanquished.

Vanquished Creatures (others)
  A human (D:9)
  7 hexers
  13 fungi
  22 plants
43 creatures vanquished.

Grand Total: 562 creatures vanquished

Notes
Turn   | Place    | Note
-------+----------+-------------------------------------------
     0 | D:1      | voltaire321 the Kobold Brigand began the quest for the Orb.
     0 | D:1      | Reached XP level 1. HP: 12/12 MP: 1/1
   100 | D:1      | Reached XP level 2. HP: 17/18 MP: 2/2
   316 | D:1      | Reached XP level 3. HP: 16/22 MP: 3/3
   922 | D:2      | Noticed Robin
   930 | D:2      | Killed Robin
   931 | D:2      | Reached XP level 4. HP: 21/27 MP: 4/4
  1045 | D:2      | Noticed Natasha
  1049 | D:2      | Killed Natasha
  1050 | D:2      | Reached skill level 6 in Stealth
  1129 | D:2      | Noticed Natasha
  1138 | D:2      | Killed Natasha
  1139 | D:2      | Reached XP level 5. HP: 31/32 MP: 6/6
  1151 | D:2      | Noticed Natasha
  1162 | D:2      | Killed Natasha
  1163 | D:2      | Reached skill level 1 in Spellcasting
  1387 | D:3      | Noticed Ijyb
  1390 | D:3      | Killed Ijyb
  1474 | D:3      | Found a sparkling altar of Nemelex Xobeh.
  1950 | D:4      | Reached XP level 6. HP: 37/37 MP: 8/8
  2014 | D:4      | Found a radiant altar of Vehumet.
  2095 | D:4      | Found a burning altar of Makhleb.
  2260 | D:4      | Found a white marble altar of Elyvilon.
  2333 | D:4      | Reached XP level 7. HP: 41/42 MP: 10/10
  2563 | D:4      | Reached skill level 7 in Stealth
  2848 | D:5      | Entered Level 5 of the Dungeon
  2913 | D:5      | Found a staircase to the Ecumenical Temple.
  2919 | Temple   | Entered the Ecumenical Temple
  2995 | Temple   | Became a worshipper of Hepliaklqana the Forgotten
  3071 | D:5      | Reached skill level 5 in Short Blades
  3110 | D:5      | Reached XP level 8. HP: 48/48 MP: 12/12
  3186 | D:5      | Reached skill level 1 in Invocations
  3595 | D:6      | Found a shadowy altar of Dithmenos.
  3638 | D:6      | Noticed Prince Ribbit
  3642 | D:6      | Killed Prince Ribbit
  3643 | D:6      | Reached skill level 5 in Fighting
  3643 | D:6      | Reached skill level 5 in Dodging
  3643 | D:6      | Reached skill level 8 in Stealth
  3656 | D:6      | Noticed Duvessa
  3656 | D:6      | Noticed Dowan
  3671 | D:6      | Killed Duvessa
  3672 | D:6      | Reached skill level 5 in Throwing
  3672 | D:6      | Reached XP level 9. HP: 35/54 MP: 13/13
  3679 | D:6      | Killed Dowan
  3704 | D:6      | Found a sand-covered staircase.
  3709 | Ossuary  | Entered an ossuary
  3900 | Ossuary  | Reached * piety under Hepliaklqana
  4364 | D:6      | Noticed Grinder
  4376 | D:6      | Killed Grinder
  4660 | D:6      | Noticed Edmund
  4682 | D:6      | Killed Edmund
  5184 | D:7      | Reached skill level 9 in Stealth
  5799 | D:7      | Reached XP level 10. HP: 46/54 MP: 14/14
  5893 | D:7      | Noticed Joseph
  5918 | D:7      | Killed Joseph
  6222 | D:7      | Noticed Menkaure
  6226 | D:7      | Killed Menkaure
  6227 | D:7      | Reached skill level 5 in Invocations
  6515 | D:8      | Found Inetosir's Magic Scroll Emporium.
  6516 | D:8      | Reached ** piety under Hepliaklqana
  6560 | D:8      | Bought a scroll of identify for 26 gold pieces
  6560 | D:8      | Bought a scroll of enchant armour for 97 gold pieces
  6560 | D:8      | Bought a scroll of teleportation for 39 gold pieces
  6727 | D:8      | Reached skill level 10 in Stealth
  6737 | D:8      | Found Ileigh's Book Shoppe.
  6859 | D:8      | Found Wysua's Assorted Antiques.
  6962 | D:8      | Found a bloodstained altar of Trog.
  7055 | D:8      | Remembered your ancestor Huemac as a hexer
  7221 | D:9      | Found a flagged portal.
  7230 | Bailey   | Entered a bailey
  7275 | Bailey   | Learned a level 3 spell: Tukima's Dance
  7430 | Bailey   | Found a large runed translucent door.
  7431 | Bailey   | Found a large runed translucent door.
  7432 | Bailey   | Noticed a deep elf zephyrmancer
  7437 | Bailey   | Noticed an orc knight
  7464 | Bailey   | Killed an orc knight
  7465 | Bailey   | Reached skill level 1 in Hexes
  7610 | Bailey   | Killed a deep elf zephyrmancer
  7611 | Bailey   | Reached XP level 11. HP: 38/60 MP: 13/16
  7705 | Bailey   | Identified the +6 scale mail of Indomitability {Dex+3
                  | Stlth+}
  7870 | D:9      | Found a glowing golden altar of the Shining One.
  7958 | D:9      | Found a broken altar of Ashenzari.
  7973 | D:9      | Found Futwel's Antique Armour Shop.
  7978 | D:9      | Bought a pair of glimmering gloves for 285 gold pieces
  7978 | D:9      | Identified the +0 pair of gloves "Rokhiezu" {*Slow Str+5
                  | Dex+7} (You bought it in a shop on level 9 of the Dungeon)
  8005 | D:9      | Noticed a death yak
  8007 | D:9      | Found a staircase to the Lair.
  8009 | D:9      | Killed a death yak
  8010 | D:9      | Noticed a death yak
  8012 | D:9      | Noticed a death yak
  8280 | D:9      | Found an ancient bone altar of Kikubaaqudgha.
  8311 | D:9      | Reached skill level 11 in Stealth
  8509 | D:8      | Killed a death yak
  8953 | D:9      | Bought a pair of spiked boots for 285 gold pieces
  8953 | D:9      | Identified the +0 pair of boots of Limited Liability
                  | {Contam rPois Will+} (You bought it in a shop on level 9 of
                  | the Dungeon)
  8978 | D:10     | Entered Level 10 of the Dungeon
  9046 | D:10     | Noticed Harold
  9050 | D:10     | Killed Harold
  9344 | D:10     | Found a snail-covered altar of Cheibriados.
  9432 | D:10     | Reached *** piety under Hepliaklqana
  9689 | D:10     | Reached skill level 1 in Armour
  9735 | D:10     | Found a staircase to the Orcish Mines.
  9804 | D:10     | Reached skill level 10 in Short Blades
  9808 | D:10     | Reached XP level 12. HP: 67/67 MP: 19/19
  9854 | D:10     | Reached skill level 5 in Spellcasting
 10162 | D:10     | Found a portal to a secret trove of treasure.
 10742 | D:8      | Bought a scroll of teleportation for 93 gold pieces
 10789 | Lair:1   | Entered Level 1 of the Lair of Beasts
 10968 | Lair:1   | Reached skill level 12 in Stealth
 11240 | Lair:1   | Identified the +4 dagger "Riadwuap" {venom, SInv}
 11671 | Lair:1   | Reached **** piety under Hepliaklqana
 12082 | Lair:2   | Reached skill level 5 in Hexes
 12159 | Lair:2   | Found a staircase to the Shoals.
 12367 | Lair:2   | Paralysed by a hornet for 2 turns
 13064 | Lair:3   | Reached skill level 10 in Dodging
 13081 | Lair:3   | Reached XP level 13. HP: 40/72 MP: 20/20
 13332 | Lair:3   | Found a staircase to the Snake Pit.
 13350 | Lair:3   | Reached skill level 13 in Stealth
 13439 | Lair:3   | Reached ***** piety under Hepliaklqana
 13453 | Lair:3   | Noticed Gastronok
 13456 | Lair:3   | Killed Gastronok
 14510 | Lair:4   | Reached skill level 10 in Fighting
 14662 | Lair:4   | Identified the +1 leather armour of Pessimism {rC+ Regen+
                  | Dex-5 Stlth+}
 14665 | Lair:4   | Identified the +0 spear "Demonslayer" {heavy, rPois rN++
                  | Str+2}
 15034 | Lair:5   | Entered Level 5 of the Lair of Beasts
 15355 | Lair:5   | Found a staircase to the Slime Pits.
 15974 | Lair:5   | Noticed a catoblepas
 15985 | Lair:5   | Killed a catoblepas
 16084 | Lair:5   | Noticed a catoblepas
 16089 | Lair:5   | Killed a catoblepas
 16090 | Lair:5   | Reached skill level 14 in Stealth
 16130 | Lair:5   | Reached skill level 5 in Armour
 16144 | Lair:5   | Reached XP level 14. HP: 68/79 MP: 21/21
 16562 | Orc:1    | Entered Level 1 of the Orcish Mines
 16766 | Orc:1    | Reached skill level 10 in Invocations
 17057 | Orc:2    | Entered Level 2 of the Orcish Mines
 17411 | Orc:2    | Found a runed translucent door.
 17416 | Orc:2    | Noticed Zvl3's ghost (journeyman DsGl)
 17705 | D:11     | Found a broken altar of Ashenzari.
 17949 | D:11     | Reached skill level 15 in Stealth
 18212 | D:11     | Reached ****** piety under Hepliaklqana
 19356 | D:13     | Found a runed translucent gate.
 19358 | D:13     | Found a runed translucent gate.
 19358 | D:13     | Noticed Dodiz's ghost (journeyman BaFi)
 19360 | D:13     | Found a runed translucent gate.
 19425 | D:13     | Identified the +0 scale mail "Puijad" {Will+ Int+2 Dex+3
                  | Stlth-}
 20102 | D:13     | Slain by a white ugly thing

Illustrated notes

Levels and vault maps discovered:
D:1:      amcnicky_arrival_double_pillar, layout_loops_ring
D:2:      layout_rooms, corexii_corridor_pit, uniq_robin, uniq_natasha
D:3:      layout_basic, lemuel_doored_altar, uniq_ijyb
D:4:      layout_basic, makhleb_heckhound_becter,
          mainiacjoe_overflow_surrounded_room,
          mainiacjoe_overflow_cross_hatched, kennysheep_diamond
D:5:      layout_rooms, minmay_temple_entry_water_ring, grunt_ministairs_4
D:6:      layout_loops_ring, mainiacjoe_overflow_brackets, enter_ossuary_2,
          uniq_prince_ribbit1, uniq_edmund, uniq_duvessa, uniq_grinder
D:7:      layout_cave_pods, uniq_joseph, uniq_menkaure
D:8:      layout_cave_pools, lemuel_round_altar, serial_shops,
          nicolae_square_shop, nicolae_stop_n_shop_1, shop
D:9:      layout_basic, mainiacjoe_overflow_catch_the_wave, tgw_kikubaaqudgha,
          dpeg_lair_monsters, enter_bailey_3, serial_shops, nicolae_diamond_shop
D:10:     layout_loops_corners, slow_altar_2, david_orc_4,
          nicolae_trove_entry_crossroad, uniq_harold
D:11:     layout_roguey, grunt_decor_arrowhead, evilmike_ruin_ashenzari,
          uniq_erica
D:12:     layout_cave_pools
D:13:     layout_irregular_city, gammafunk_ghost_hydra_chop,
          minmay_statue_bubble
D:14:     layout_gridville, david_vaults_1, grunt_decor_fettered,
          portal_ice_cave_entry_pillars_2, minmay_pinched_square
Temple:   nicolae_temple_godzebo
Lair:1:   layout_regular_city, minmay_stone_trees_small
Lair:2:   layout_regular_city, minmay_shoals_entry_beasts, grunt_megastairs_2
Lair:3:   layout_small_grid, minmay_snake_entry_guardpost_small,
          grunt_megastairs_5, uniq_gastronok
Lair:4:   layout_roguey, lemuel_fruit_tree, lemuel_fruit_fields
Lair:5:   evilmike_catoblepas_cave, layout_layer_cave,
          nicolae_slime_entry_slimehenge, minivault_26,
          infiniplex_staircase_pool_2
Orc:1:    layout_caves
Orc:2:    st_orc_elflike, layout_diamond_mine, hellmonk_ghost_happy_afterlife,
          serial_shops, nicolae_shop_window_shopping, okawaru_metal_pillars_1_2

Skill      XL: |  1  2  3  4  5  6  7  8  9 10 11 12 13 14 |
---------------+-------------------------------------------+-----
Short Blades   | 3 4 5 6 7 9 10 | 10.0
Dodging        | 2 3 4 5 6 7 8 10 11 12 | 12.8
Stealth        | 6 7 8 9 10 11 12 14 15 | 15.7
Fighting       | 3 4 5 6 7 8 9 10 12 | 12.0
Throwing       | 3 4 5 6 |  6.0
Spellcasting   | 1 2 3 4 5 |  5.0
Invocations    | 2 4 6 7 8 9 10 | 10.0
Hexes          | 1 3 5 7 8 |  8.8
Armour         | 1 3 5 |  5.0

Action                   |  1- 3 |  4- 6 |  7- 9 | 10-12 | 13-15 || total
-------------------------+-------+-------+-------+-------+-------++-------
Melee: Dagger            |    73 |   115 |   328 |   632 |   715 ||  1863
       Punch             |     1 |       |     1 |     9 |    12 ||    23
Throw: Dart              |     1 |     5 |     4 |    32 |     5 ||    47
Invok: Recall Ancestor   |       |       |       |     2 |     3 ||     5
       Ancestor Life: He |       |       |       |     1 |       ||     1
Evoke: Wand              |       |       |       |     3 |     2 ||     5
  Use: Scroll            |       |       |       |    27 |     3 ||    30
       Potion            |       |       |       |       |     2 ||     2
 Stab: Sleeping          |    20 |    17 |    32 |    35 |    24 ||   128
       Distracted        |       |       |     3 |     7 |    27 ||    37
       Confused          |       |       |       |    15 |    20 ||    35
Armor: Robe              |    14 |     2 |       |       |       ||    16
       Animal skin       |       |    17 |    65 |    16 |       ||    98
       Leather armour    |       |       |       |    38 |       ||    38
       Scale mail        |       |       |       |    42 |   118 ||   160
Dodge: Dodged            |    40 |    63 |   207 |   359 |   354 ||  1023

Table legend: (Time is in decaauts)
 A = Elapsed time spent in this place.
 B = Non-inter-level travel time spent in this place.
 C = Inter-level travel time spent in this place.
 D = Time resting spent in this place.
 E = Time spent auto-exploring this place.
 F = Levels seen in this place.
 G = Mean time per level.
                   A        B        C        D        E       F      G
               +--------+--------+--------+--------+--------+-----+--------+
         Total |  19317 |  18392 |    925 |   1808 |  11647 |  24 |  804.9 |
       Dungeon |  11800 |  11071 |    729 |   1298 |   6986 |  14 |  842.9 |
        Temple |    144 |    144 |      0 |      0 |     94 |   1 |  144.0 |
          Lair |   5429 |   5261 |    168 |    195 |   4068 |   5 | 1085.8 |
  Orcish Mines |    897 |    870 |     27 |     30 |    442 |   2 |  448.5 |
       Ossuary |    483 |    483 |      0 |    127 |      0 |   1 |  483.0 |
        Bailey |    562 |    562 |      0 |    158 |     57 |   1 |  562.0 |
               +--------+--------+--------+--------+--------+-----+--------+

Top non-repeatable levels by time:
    D:10: 1799 daAuts
  Lair:5: 1265 daAuts
     D:7: 1265 daAuts
  Lair:1: 1126 daAuts
     D:6: 1107 daAuts
  Lair:2: 1060 daAuts
     D:9: 1055 daAuts
  Lair:3: 1039 daAuts
    D:13: 1002 daAuts
     D:4: 940 daAuts
  Lair:4: 937 daAuts
     D:8: 907 daAuts
     D:1: 770 daAuts
    D:11: 750 daAuts
   Orc:1: 600 daAuts
